 Dungeon Crawl Stone Soup version 0.30-a0-830-gfe289a77b0 (webtiles) character file.

Game seed: 3785123135895380337

439682 cforsyth the Imperceptible (level 25, -23/153 (155) HPs)
             Began as a Kobold Brigand on Feb 28, 2023.
             Was the Champion of Hepliaklqana.
             Killed from afar by an ancient lich (53 damage)
             ... with a crystal spear
             ... on level 3 of the Crypt.
             The game lasted 01:23:00 (59107 turns).

cforsyth the Imperceptible (Kobold Brigand)        Turns: 59107, Time: 01:23:00

HP:   -23/153 (155) AC: 13    Str: 15    XL:     25   Next: 26%
MP:   23/23         EV: 43    Int: 19    God:    Hepliaklqana [******]
Gold: 2007          SH: 12    Dex: 30    Spells: 24/24 levels left

rFire   + . .      SeeInvis .    B - +9 rapier "Omuon" {freeze, Drain Str+6 Stlth+}
rCold   + . .      Faith    .    z - +2 buckler {AC+3}
rNeg    + + .      Spirit   .    D - +1 leather armour of the Writhing Gods {Int+3 Slay+5}
rPois   +          Reflect  .    P - -2 hat of the Alchemist {rElec rPois rF+ rC+ rN+ Will+ rMut rCorr}
rElec   +          Harm     .    X - +2 cloak {Stlth+}
rCorr   +          Rampage  +    T - +1 pair of gloves of Lust {Int+3 Dex+3}
rMut    +          Clarity  +    k - +2 pair of boots {rampage}
Will    +++++                    j - amulet of the Four Winds {rN+ Will+++ Clar} Stlth #*********
                                 I - +4 ring of slaying
HPRegen 0.45/turn                x - ring of Shadows {Umbra +Inv Stlth+}
MPRegen 0.18/turn

@: wreathed by umbra, studying 3 skills, lightly drained
A: reduced essence, small, no large weapons, nightstalker 3
}: 2/15 runes: decaying, serpentine
a: Renounce Religion, Evoke Invisibility, Recall Ancestor, Ancestor Identity,
Transference, Idealise


You were on level 3 of the Crypt.
You worshipped Hepliaklqana.
Hepliaklqana was exalted by your worship.
You visited 9 branches of the dungeon, and saw 41 of its levels.
You visited 1 bazaar.
You also visited: Gauntlet and Ice Cave.

You collected 5337 gold pieces.
You spent 3330 gold pieces at shops.

Inventory:

Hand Weapons
 v - the +11 dagger "Oguivewka" {drain, Fly Str+3 Int+2 Dex+3}
   (You found it on level 3 of the Dungeon)

   Str:       It affects your strength (+3).
   Int:       It affects your intelligence (+2).
   Dex:       It affects your dexterity (+3).
   Fly:       It grants you flight.
 B - the +9 rapier "Omuon" (weapon) {freeze, Drain Str+6 Stlth+}
   (You bought it in a shop on level 2 of the Elven Halls)

   Str:       It affects your strength (+6).
   Drain:     It drains your maximum health when unequipped.
   Stlth:     It makes you more stealthy.
Missiles
 e - 6 curare-tipped darts (quivered)
 p - 8 atropa-tipped darts
Armour
 k - a +2 pair of boots of rampaging (worn)
 o - the +2 helmet of Demons {rElec Str+5}
   (You found it in a Gauntlet)

   Str:       It affects your strength (+5).
   rElec:     It insulates you from electricity.
 z - a +2 buckler of protection (worn)
 D - the +1 leather armour of the Writhing Gods (worn) {Int+3 Slay+5}
   (You bought it in a shop on level 2 of the Orcish Mines)

   Int:       It affects your intelligence (+3).
   Slay:      It affects your accuracy & damage with ranged weapons and melee
   (+5).
 P - the -2 hat of the Alchemist (worn) {rElec rPois rF+ rC+ rN+ Will+ rMut rCorr}
   (You bought it in a shop on level 11 of the Dungeon)

   rF:        It protects you from fire.
   rC:        It protects you from cold.
   rElec:     It insulates you from electricity.
   rPois:     It protects you from poison.
   rN:        It protects you from negative energy.
   rCorr:     It protects you from acid and corrosion.
   rMut:      It protects you from mutation.
   Will:      It increases your willpower.
 T - the +1 pair of gloves of Lust (worn) {Int+3 Dex+3}
   (You found it on level 12 of the Dungeon)

   Int:       It affects your intelligence (+3).
   Dex:       It affects your dexterity (+3).
 X - a +2 cloak of stealth (worn)
 Y - the +1 pair of gloves of Truth {+Blink MP-9 Str-5 SInv}
   (You bought it in a shop on level 3 of the Snake Pit)

   Str:       It affects your strength (-5).
   MP:        It affects your magic capacity (-9).
   SInv:      It lets you see invisible.
   +Blink:    It lets you blink.
Jewellery
 d - a ring of protection from fire
 f - a +4 ring of slaying
 j - the amulet of the Four Winds (around neck) {rN+ Will+++ Clar}
   (You found it in a Gauntlet)

   [amulet of nothing]

   rN:        It protects you from negative energy.
   Clar:      It protects you against confusion.
   Will:      It greatly increases your willpower.
 n - the ring of Suicidal Tendencies {+Blink MP+9 EV+5 Dex+3}
   (You bought it in a shop on level 9 of the Dungeon)

   [ring of evasion]

   EV:        It affects your evasion (+5).
   Dex:       It affects your dexterity (+3).
   MP:        It affects your magic capacity (+9).
   +Blink:    It lets you blink.
 x - the ring of Shadows (right hand) {Umbra +Inv Stlth+}
   (You took it off a deep elf knight on level 3 of the Elven Halls)

   [ring of stealth]

   Umbra:     It surrounds you with an aura of shadow, increasing your stealth
   and reducing the accuracy of all others within it.
   +Inv:      It lets you turn invisible.
   Stlth:     It makes you more stealthy.
 C - a ring of willpower
 G - a ring of protection from cold
 I - a +4 ring of slaying (left hand)
 Z - a ring of positive energy
Wands
 E - a wand of mindburst (42)
 F - a wand of paralysis (50)
 L - a wand of iceblast (30)
 U - a wand of polymorph (12)
 V - a wand of digging (21)
Scrolls
 a - 2 scrolls of magic mapping
 b - 2 scrolls of enchant weapon
 g - 6 scrolls of teleportation
 h - 12 scrolls of poison
 i - 4 scrolls of enchant armour
 r - 4 scrolls of fog
 y - 2 scrolls of silence
 H - 2 scrolls of blinking
 J - a scroll of butterflies
 M - 7 scrolls of immolation
 O - 4 scrolls of fear
 R - 6 scrolls of vulnerability
Potions
 c - 7 potions of ambrosia
 l - 15 potions of mutation
 m - 4 potions of flight
 q - 4 potions of might
 s - 6 potions of brilliance
 t - 2 potions of berserk rage
 u - 4 potions of cancellation
 w - 3 potions of haste
 A - 8 potions of lignification
 K - 18 potions of curing
 Q - 4 potions of attraction
 S - 3 potions of resistance
 W - a potion of invisibility


   Skills:
 + Level 22.1 Fighting
 - Level 26.2 Short Blades
 - Level 2.1 Throwing
 + Level 23.8 Dodging
 - Level 26.5 Stealth
 - Level 14.8 Shields


You had 24 spell levels left.
You didn't know any spells.
Your spell library contained the following spells:

 Spells                   Type           Power      Damage    Failure   Level
 Apportation              Tloc           0%         N/A       30%         1
 Beastly Appendage        Tmut           0%         N/A       30%         1
 Freeze                   Ice            0%         1d3       30%         1
 Sting                    Tmut/Pois      0%         1d3       30%         1
 Cigotuvi's Dreadful Rot  Necr/Pois/Air  0%         N/A       43%         2
 Ensorcelled Hibernation  Hex/Ice        0%         N/A       43%         2
 Lesser Beckoning         Tloc           0%         N/A       43%         2
 Poisonous Vapours        Pois/Air       0%         N/A       43%         2
 Sublimation of Blood     Necr           0%         N/A       43%         2
 Wereblood                Tmut           0%         N/A       43%         2
 Call Canine Familiar     Summ           0%         N/A       67%         3
 Frozen Ramparts          Ice            0%         1d1       67%         3
 Gell's Gravitas          Tloc           0%         N/A       67%         3
 Hailstorm                Conj/Ice       0%         3d3       67%         3
 Ignite Poison            Fire/Tmut/Pois 0%         N/A       67%         3
 Kindle Blastsparks       Fire/Tloc/Air  0%         2d10      67%         3
 Mephitic Cloud           Conj/Pois/Air  0%         N/A       67%         3
 Ozocubu's Armour         Ice            0%         N/A       67%         3
 Portal Projectile        Hex/Tloc       0%         N/A       67%         3
 Spider Form              Tmut/Pois      0%         N/A       67%         3
 Teleport Other           Tloc           0%         N/A       67%         3
 Tukima's Dance           Hex            0%         N/A       67%         3
 Anguish                  Hex/Necr       0%         N/A       97%         4
 Animate Dead             Necr           0%         N/A       97%         4
 Cause Fear               Hex            0%         N/A       97%         4
 Dispel Undead            Necr           0%         3d6       97%         4
 Fulminant Prism          Conj/Hex       0%         3d5       97%         4
 Iskenderun's Mystic Bla  Conj/Tloc      0%         2d3       97%         4
 Leda's Liquefaction      Hex/Erth       0%         N/A       97%         4
 Manifold Assault         Tloc           0%         N/A       97%         4
 Olgreb's Toxic Radiance  Pois           0%         N/A       97%         4
 Summon Ice Beast         Ice/Summ       0%         N/A       97%         4
 Alistair's Intoxication  Tmut/Pois      0%         N/A       100%        5
 Blade Hands              Tmut           0%         N/A       100%        5
 Freezing Cloud           Conj/Ice/Air   0%         6-21      100%        5
 Irradiate                Conj/Tmut      0%         3d11      100%        5
 Iskenderun's Battlesphe  Conj           0%         2d6       100%        5
 Lee's Rapid Deconstruct  Erth           0%         3d4*      100%        5
 Summon Forest            Summ/Tloc      0%         N/A       100%        5
 Yara's Violent Unravell  Hex/Tmut       0%         3d3       100%        5
 Death Channel            Necr           0%         N/A       100%        6
 Dispersal                Tloc           0%         N/A       100%        6
 Eringya's Noxious Bog    Tmut/Pois      0%         N/A       100%        6
 Simulacrum               Ice/Necr       0%         N/A       100%        6
 Dragon Form              Tmut           0%         N/A       100%        7
 Enfeeble                 Hex            0%         N/A       100%        7
 Haunt                    Necr/Summ      0%         N/A       100%        7
 Summon Hydra             Summ           0%         N/A       100%        7
 Infestation              Necr           0%         N/A       100%        8
 Dragon's Call            Summ           0%         N/A       100%        9
 Polar Vortex             Ice            0%         N/A       100%        9


Dungeon Overview and Level Annotations

Branches:
Dungeon (15/15)            Temple (1/1) D:6            Lair (5/5) D:10
  Swamp (4/4) Lair:2        Snake (4/4) Lair:3        Slime (0/5) Lair:5
    Orc (2/2) D:11            Elf (3/3) Orc:2        Vaults (4/5) D:13
  Crypt (3/3) Vaults:3       Tomb (0/3) Crypt:3      Depths (0/4) D:15
  IceCv (visited)         Gauntlet (visited)

Altars:
Ashenzari
Cheibriados
Dithmenos
Elyvilon
Fedhas
Hepliaklqana
Kikubaaqudgha
Makhleb
Nemelex Xobeh
Okawaru
Qazlal
Ru
Sif Muna
Trog
Uskayaw
Vehumet
Wu Jian
Xom
Yredelemnul
Zin
The Shining One
Jiyva

Shops:
D:5 (   D:9 =   D:11 [***   Orc:2 :(!(([?*   Elf:2 (   Elf:3 =   Snake:3 [
Vaults:1 (   Vaults:2 [   Vaults:4 ?

Annotations:
D:2 1 runed translucent door, Crazy Yiuf
D:3 1 runed translucent door, valliere's ghost, amateur DsFi
Snake:3 Roxanne
Elf:1 2 transporters, Soammui's ghost, adept MiBe
Vaults:3 2 transporters, Zissick's ghost, adept MiBr


Innate Abilities, Weirdness & Mutations

Your life essence is reduced to manifest your ancestor. (-10% HP)
You are small and have problems with some larger weapons.
You are completely attuned to the shadows.


Message History

No target in view!
No target in view!
No target in view!
No target in view!
No target in view!
Something misses you. Something touches you. You partially resist.
Something completely misses you.
You see here the +7 sceptre of Torment {pain, torment}.
Ferran is still trapped in memory!
Something touches you. You partially resist.
You feel drained.
Okay, then.
Search for what [? for help]? sinv Unknown command.
Unknown command.
Something touches you but does no damage.
Something misses you.
You see here the +7 sceptre of Torment {pain, torment}.
There is an open door here.
You hear some strange, mumbled words.
A crystal spear appears from out of thin air!
The crystal spear hits you!!!!
You hear some strange, mumbled words.
A bolt of acid appears from out of thin air!
The bolt of acid misses you. Something misses you.
There is an open door here.
You barely miss something. Something closely misses you.
You hit something but do no damage. Something completely misses you.
You puncture something! You freeze something. You puncture something!
Something misses you.
You barely miss something.
You hear some strange, mumbled words.
A bolt of acid appears from out of thin air!
The bolt of acid hits you!! You resist.
* * * LOW HITPOINT WARNING * * *
You closely miss something.
You hear some strange, mumbled words.
A crystal spear appears from out of thin air!
The crystal spear hits you!!!
You die...

#8.8##.#.#.#.#.#
#...##'#'#'#'#'#
###...............
#.8...............
#⌠.......#.#.#.#)# .
#............)...) ..
###..............).
...#⌠#..)............)
...'.@{.._............
...#⌠#................
.. ###................
. #.................
#⌠.......#.#.#.#.#
#.8...............
###...............
#...##'#'#'#'#'#
#8.8##.#.#.#.#.#


There were no monsters in sight!

Vanquished Creatures
  A dread lich (Crypt:3)
  Mara (Swamp:4)
  Boris (Crypt:2)
  Saint Roka (Crypt:3)
  Frederick (Vaults:3)
  Margery (Vaults:4)
  Vashnia (Snake:2)
  Jory (Vaults:4)
  A profane servitor (Crypt:1)
  Nikola (Vaults:3)
  2 bone dragons (Crypt:3)
  A tentacled monstrosity (Vaults:4)
  Rupert (D:15)
  3 deep elf blademasters
  Mlioglotl (Swamp:3)
  A quicksilver dragon (Vaults:4)
  A lich (Crypt:3)
  Asterion (Vaults:1)
  2 deep elf master archers (Elf:3)
  4 ancient champions
  3 tengu reavers (Vaults:1)
  2 sphinxes
  2 thorn hunters
  The ghost of Qymaymp the Geomancer, an adept GrEE of Vehumet (D:14)
  4 revenants
  4 nagarajas
  2 fenstrider witches (Swamp:4)
  16 vault wardens
  2 frost giants
  6 deep elf sorcerers
  3 curse skulls
  2 orc warlords
  6 ghouls
  A reaper (Crypt:3)
  Aizul (Vaults:1)
  4 stone giants
  5 ironbound thunderhulks
  3 war gargoyles (Vaults:3)
  14 ironbound preservers
  4 deep elf elementalists (Elf:3)
  5 vampire knights
  2 eleionomae
  A juggernaut skeleton (Crypt:3)
  4 very ugly things (Vaults:1)
  Nessos (D:15)
  6 deep elf demonologists
  5 bunyips
  Azrael (D:13)
  10 dire elephants
  A minotaur (Gauntlet)
  A blizzard demon (Gauntlet)
  4 eidola
  2 crystal guardians
  5 deep elf annihilators (Elf:3)
  A shambling mangrove (Swamp:4)
  2 ettins (Vaults:1)
  11 deep elf death magi
  A pearl dragon zombie (Crypt:1)
  6 jiangshi
  12 yaktaur captains
  5 vault guards
  5 deep elf high priests
  5 salamander tyrants
  A rakshasa (D:15)
  3 great orbs of eyes
  15 hydras
  8 anacondas
  20 centaur warriors
  3 peacekeepers
  A ghost crab (Swamp:1)
  2 spriggan skeletons (Crypt:3)
  Erica (D:9)
  8 ironbound frosthearts
  A catoblepas (Gauntlet)
  An ogre mage (D:15)
  5 boulder beetles
  19 dancing weapons
  2 fenstrider witch skeletons (Crypt:3)
  4 two-headed ogres
  3 tengu warriors
  4 vampire magi
  3 hell hogs (Crypt:1)
  2 death knights
  2 alligators (Swamp:4)
  12 death yaks
  19 naga sharpshooters
  11 naga warriors
  3 soul eaters
  9 shock serpents
  A storm dragon zombie (Crypt:3)
  6 hell knights
  16 deep elf knights
  5 skysharks
  8 goliath frogs
  8 salamander mystics
  Lodul (D:12)
  29 skeletal warriors
  2 spriggan druids (Swamp:1)
  8 ironbound convokers
  35 deep trolls
  11 swamp dragons
  4 deep elf archers
  4 flayed ghosts
  2 glowing orange brains
  2 lindwurms (Vaults:1)
  21 deep elf pyromancers
  5 orc knights
  6 naga ritualists
  An iron giant skeleton (Crypt:3)
  7 bog bodies
  7 wizards
  A golden dragon skeleton (Crypt:3)
  42 deep elf zephyrmancers
  7 harpies
  A shadow dragon zombie (Crypt:1)
  8 phantasmal warriors
  A broodmother zombie (Crypt:3)
  6 orc sorcerers
  17 ugly things
  2 bunyip skeletons (Crypt:3)
  A shadow dragon skeleton (Crypt:1)
  A frost giant zombie (Crypt:1)
  14 mana vipers
  3 will-o-the-wisps
  A stone giant zombie (Crypt:1)
  3 manticores
  5 necromancers
  4 cyclopes
  21 salamanders
  3 elephants (Lair:2)
  8 guardian serpents
  7 centaur skeletons
  4 apis skeletons (Crypt:1)
  A black mamba (shapeshifter) (Elf:1)
  An ice statue (IceCv)
  15 vault sentinels
  28 black mambas
  2 gargoyles
  2 torpor snails
  16 naga magi
  22 cane toads
  3 kobold demonologists
  2 naga skeletons (Crypt:3)
  8 rime drakes
  2 freezing wraiths
  An unseen horror zombie (Crypt:3)
  A yellow draconian zombie (Crypt:2)
  A dire elephant skeleton (Crypt:3)
  31 yaktaurs
  An ice devil (Gauntlet)
  A sea snake zombie (Crypt:2)
  4 tengu conjurers
  6 komodo dragons
  An alligator snapping turtle skeleton (Crypt:3)
  A troll (shapeshifter) (Gauntlet)
  A meliai (shapeshifter) (Gauntlet)
  A harpy zombie (Crypt:1)
  7 trolls
  6 polar bears
  6 tyrant leeches
  10 hornets
  A wolf spider simulacrum (D:14)
  2 harpy skeletons
  A tarantella (shapeshifter) (Gauntlet)
  28 blink frogs
  A snapping turtle (shapeshifter) (D:15)
  10 dream sheep
  Sigmund (D:4)
  11 flying skulls
  7 spriggans
  27 slime creatures
  3 air elementals (Elf:1)
  A vampire (D:12)
  5 wraiths
  61 yaks
  Eustachio (D:4)
  2 water elementals
  6 wyverns
  A basilisk (D:12)
  4 fire elementals
  A golden eye (shapeshifter) (D:15)
  6 hogs (D:15)
  21 vampire mosquitoes
  An acid dragon (D:12)
  A warg (shapeshifter) (Elf:2)
  A two-headed ogre zombie (Crypt:1)
  23 swamp worms
  44 nagas
  5 wargs
  10 water moccasins
  2 hell hounds (D:13)
  32 orc warriors
  12 swamp drakes
  An ice beast (D:8)
  17 ogres
  3 boggarts (D:14)
  9 centaurs
  A hog zombie (Crypt:2)
  32 wolves
  2 phantoms (D:5)
  7 kobold brigands
  17 bullfrogs
  A scorpion (D:5)
  A gnoll sergeant (D:13)
  A necrophage (Crypt:3)
  A salamander zombie (Crypt:1)
  3 earth elementals
  5 wights (D:7)
  14 killer bees
  A wolf zombie (Crypt:1)
  3 howler monkeys
  A wolf skeleton (Crypt:2)
  2 electric eels
  3 hounds
  4 jellies
  6 orc priests
  A bullfrog skeleton (Crypt:3)
  19 orc wizards
  Natasha (thrice) (D:4)
  5 iguanas
  A killer bee zombie (Crypt:2)
  An acid dragon zombie (Crypt:1)
  A hound zombie (Crypt:3)
  A mummy (D:6)
  7 gnolls
  6 adders
  11 white imps
  3 worms
  A dart slug (D:4)
  46 orcs
  17 endoplasms
  5 giant cockroaches
  6 goblins
  5 hobgoblins
  3 jackals (D:1)
  A jackal (shapeshifter) (Gauntlet)
  A quokka (D:2)
  9 ball pythons
  5 bats
  2 frilled lizards
  A jackal zombie (Crypt:2)
  32 kobolds
  An orc skeleton (Crypt:2)
  10 rats
1571 creatures vanquished.

Vanquished Creatures (collateral kills)
  An ancient champion (Crypt:3)
  Donald (Swamp:3)
  Kirke (D:15)
  2 revenants
  A deep elf sorcerer (Elf:3)
  2 nagarajas (Snake:4)
  A deep elf elementalist (Elf:3)
  2 ironbound preservers
  2 ghouls (Crypt:2)
  A deep elf demonologist (Elf:2)
  A deep elf annihilator (Elf:3)
  A bunyip (Swamp:3)
  A pearl dragon zombie (Crypt:1)
  An eidolon (Crypt:1)
  2 deep elf death magi
  A rakshasa (D:15)
  A vault guard (Vaults:3)
  4 anacondas
  A hydra (Swamp:4)
  A centaur warrior (Vaults:2)
  An alligator (Swamp:3)
  A two-headed ogre (D:13)
  5 dancing weapons (Elf:2)
  2 naga warriors (Snake:4)
  4 naga sharpshooters
  A hell knight (Vaults:4)
  3 deep elf knights
  3 skeletal warriors (Crypt:3)
  A flayed ghost (Crypt:3)
  4 deep trolls
  A lindwurm (Vaults:2)
  5 deep elf pyromancers
  An orc knight (Vaults:3)
  3 deep elf zephyrmancers
  A harpy (Vaults:3)
  A phantasmal warrior (Crypt:3)
  2 mana vipers
  2 ugly things
  3 orc sorcerers (Orc:2)
  A manticore (D:11)
  2 will-o-the-wisps (Swamp:3)
  2 elephants
  A salamander (Snake:4)
  2 black mambas
  A naga mage (Snake:4)
  A vault sentinel (Vaults:2)
  2 cane toads
  2 rime drakes (IceCv)
  2 komodo dragons
  An unseen horror (D:11)
  2 yaktaurs
  A polar bear (IceCv)
  2 blink frogs
  2 dream sheep
  2 flying skulls (Crypt:3)
  10 slime creatures
  A spriggan (Swamp:2)
  A wyvern (Lair:2)
  A vampire (D:11)
  A water elemental (Elf:2)
  14 yaks
  2 basilisks (D:10)
  A hog (D:15)
  An air elemental (Elf:1)
  A swamp worm (Swamp:4)
  3 nagas
  3 orc warriors
  An ogre (D:12)
  2 boggarts (D:14)
  2 centaurs
  6 wolves
  A torpor snail zombie (Crypt:3)
  2 earth elementals
  2 bullfrogs
  A killer bee (D:11)
  4 electric eels
  An orc priest (Orc:1)
  5 orc wizards
  5 white imps
  7 orcs
  2 kobolds (D:12)
178 creatures vanquished.

Vanquished Creatures (others)
  A dancing weapon (Elf:1)
  A deep elf pyromancer (Elf:1)
  2 bloated husks (Swamp:1)
  An orc warrior (Orc:2)
  28 hexers
  8 foxfires (Swamp:3)
  48 fungi
  90 plants
  8 toadstools (D:4)
  3 withered plants (Crypt:3)
190 creatures vanquished.

Grand Total: 1939 creatures vanquished

Notes
Turn   | Place    | Note
-------+----------+-------------------------------------------
     0 | D:1      | cforsyth the Kobold Brigand began the quest for the Orb.
     0 | D:1      | Reached XP level 1. HP: 12/12 MP: 1/1
   112 | D:1      | Reached XP level 2. HP: 6/18 MP: 2/2
   376 | D:1      | Reached XP level 3. HP: 20/22 MP: 3/3
   802 | D:2      | Found a runed translucent door.
   805 | D:2      | Noticed Crazy Yiuf
  1362 | D:2      | Reached XP level 4. HP: 27/27 MP: 4/4
  1514 | D:2      | Found the +7 Throatcutter {drain, coup de grace}
  1825 | D:3      | Found a runed translucent door.
  1864 | D:3      | Identified the +1 chain mail of the Hugging Gods {rC+
                  | Str+3}
  2092 | D:3      | Found an ancient bone altar of Kikubaaqudgha.
  2192 | D:3      | Identified the +11 dagger "Oguivewka" {drain, Fly Str+3
                  | Int+2 Dex+3}
  2539 | D:3      | Noticed valliere's ghost (amateur DsFi)
  2631 | D:4      | Reached XP level 5. HP: 32/32 MP: 5/5
  2743 | D:4      | Noticed Sigmund
  2747 | D:4      | Killed Sigmund
  2748 | D:4      | Reached XP level 6. HP: 38/38 MP: 6/6
  2819 | D:4      | Reached skill level 5 in Short Blades
  2926 | D:4      | Reached XP level 7. HP: 43/43 MP: 7/7
  3063 | D:4      | Noticed Natasha
  3067 | D:4      | Killed Natasha
  3175 | D:4      | Noticed Eustachio
  3178 | D:4      | Found an iron altar of Okawaru.
  3193 | D:4      | Killed Eustachio
  3199 | D:4      | Noticed Natasha
  3204 | D:4      | Killed Natasha
  3256 | D:4      | Noticed Natasha
  3257 | D:4      | Killed Natasha
  3419 | D:5      | Entered Level 5 of the Dungeon
  3582 | D:5      | Reached XP level 8. HP: 48/48 MP: 8/8
  3595 | D:5      | Reached skill level 5 in Fighting
  3598 | D:5      | Reached skill level 5 in Dodging
  3690 | D:5      | Found a sparkling altar of Nemelex Xobeh.
  3828 | D:5      | Found an ancient bone altar of Kikubaaqudgha.
  3828 | D:5      | Found a broken altar of Ashenzari.
  3828 | D:5      | Found an iron altar of Okawaru.
  3832 | D:5      | Found a hazy altar of Hepliaklqana.
  3832 | D:5      | Found a shimmering blue altar of Sif Muna.
  3838 | D:5      | Found a shimmering altar of Xom.
  3891 | D:5      | Found Fuxzekeo's Weapon Shop.
  4153 | D:5      | Found a white marble altar of Elyvilon.
  4617 | D:6      | Found a snail-covered altar of Cheibriados.
  4990 | D:6      | Reached XP level 9. HP: 54/55 MP: 9/9
  5232 | D:6      | Noticed a moth of wrath
  5235 | D:6      | Found a bloodstained altar of Trog.
  5314 | D:6      | Found a staircase to the Ecumenical Temple.
  5318 | D:6      | Noticed a troll
  5320 | Temple   | Entered the Ecumenical Temple
  5325 | Temple   | Became a worshipper of Hepliaklqana the Forgotten
  5334 | D:6      | Killed a troll
  5693 | D:7      | Reached skill level 10 in Stealth
  6101 | D:7      | Found a shimmering blue altar of Sif Muna.
  6256 | D:7      | Found a burning altar of Makhleb.
  6492 | D:8      | Reached XP level 10. HP: 62/63 MP: 10/10
  6955 | D:8      | Reached * piety under Hepliaklqana
  7529 | D:9      | Found Byunnel's Jewellery Emporium.
  8050 | D:9      | Reached ** piety under Hepliaklqana
  8051 | D:9      | Remembered your ancestor Ferran as a hexer
  8199 | D:9      | Noticed Erica
  8208 | D:9      | Killed Erica
  8209 | D:9      | Reached skill level 10 in Short Blades
  8263 | D:10     | Entered Level 10 of the Dungeon
  8472 | D:10     | Noticed an elephant
  8473 | D:10     | Found a staircase to the Lair.
  8477 | D:10     | Noticed a two-headed ogre
  8492 | D:10     | Killed an elephant
  8575 | D:10     | Reached XP level 11. HP: 62/62 MP: 11/11
  8687 | D:10     | Found a glowing golden altar of the Shining One.
  8758 | D:10     | Found a hide-covered altar of Uskayaw.
  9068 | D:10     | Reached skill level 10 in Dodging
  9216 | D:10     | Found an ornate altar of the Wu Jian Council.
  9278 | D:10     | Killed a two-headed ogre
  9390 | D:11     | Found Uronoloe's Assorted Antiques.
  9502 | D:11     | Found Sefue's General Store.
  9505 | D:11     | Found Bapointu's Assorted Antiques.
  9515 | D:11     | Reached skill level 10 in Fighting
  9570 | D:11     | Found Evverph's Antique Armour Shoppe.
  9572 | D:11     | Noticed a manticore
  9581 | D:11     | Killed a manticore
  9593 | D:11     | Reached *** piety under Hepliaklqana
  9634 | D:11     | Found a flickering gateway to a bazaar.
  9640 | Bazaar   | Entered a bazaar
  9686 | Bazaar   | Found Ygrabepn's Antique Armour Emporium.
  9686 | Bazaar   | Found Waejel's General Store.
  9708 | Bazaar   | Found Fosaniri's General Store.
  9724 | Bazaar   | Found Kunerod's Weapon Emporium.
  9724 | Bazaar   | Found Rouhob's Book Shoppe.
  9746 | Bazaar   | Found Yllox's Magic Scroll Shoppe.
  9820 | Bazaar   | Bought a scroll of blinking for 82 gold pieces
  9840 | Bazaar   | Bought a sheer robe for 68 gold pieces
  9840 | Bazaar   | Identified the +1 robe "Cumoqyt" {Int+2} (You bought it in
                  | a shop in a bazaar)
  9840 | Bazaar   | Bought a shiny kite shield for 90 gold pieces
 10233 | D:11     | Bought a glowing cloak for 270 gold pieces
 10281 | D:11     | Bought a bubbling yellow potion for 23 gold pieces
 10446 | D:11     | Noticed a cyclops
 10451 | D:11     | Killed a cyclops
 10452 | D:11     | Reached skill level 1 in Shields
 10452 | D:11     | Reached XP level 12. HP: 47/69 MP: 7/12
 10736 | D:11     | Found a staircase to the Orcish Mines.
 11275 | D:12     | Noticed Lodul
 11303 | D:12     | Noticed a boulder beetle
 11311 | D:12     | Killed Lodul
 11359 | D:12     | Killed a boulder beetle
 11736 | D:12     | Reached **** piety under Hepliaklqana
 11812 | D:12     | Identified the +1 pair of gloves of Lust {Int+3 Dex+3}
 11845 | D:13     | Noticed Azrael
 11848 | D:13     | Killed Azrael
 11859 | D:13     | Noticed a centaur warrior
 11869 | D:13     | Killed a centaur warrior
 12061 | D:13     | Noticed a two-headed ogre
 12066 | D:13     | Killed a two-headed ogre
 12067 | D:13     | Reached XP level 13. HP: 75/75 MP: 13/13
 12164 | D:13     | Reached skill level 15 in Stealth
 12294 | D:13     | Found a gate to the Vaults.
 12571 | D:13     | Noticed a centaur warrior
 12933 | D:13     | Killed a centaur warrior
 13113 | Lair:1   | Entered Level 1 of the Lair of Beasts
 13197 | Lair:1   | Found a frozen archway.
 13227 | IceCv    | Entered an ice cave
 13268 | IceCv    | Reached skill level 5 in Shields
 13564 | IceCv    | Got the Commentary on Hoarfrost
 13579 | IceCv    | Noticed a frost giant
 13602 | IceCv    | Killed a frost giant
 13603 | IceCv    | Reached XP level 14. HP: 55/82 MP: 9/14
 14466 | Lair:1   | Reached skill level 15 in Short Blades
 15045 | Lair:2   | Reached ***** piety under Hepliaklqana
 15051 | Lair:2   | Found a staircase to the Swamp.
 16393 | Lair:3   | Found a staircase to the Snake Pit.
 16471 | Lair:3   | Reached XP level 15. HP: 89/89 MP: 15/15
 17551 | Lair:4   | Reached ****** piety under Hepliaklqana
 18012 | Lair:5   | Entered Level 5 of the Lair of Beasts
 18338 | Lair:5   | Reached skill level 15 in Dodging
 18679 | Lair:5   | Found a viscous altar of Jiyva.
 18680 | Lair:5   | Found a staircase to the Slime Pits.
 18939 | Lair:5   | Reached XP level 16. HP: 90/95 MP: 14/16
 19646 | Orc:1    | Entered Level 1 of the Orcish Mines
 19981 | Orc:2    | Entered Level 2 of the Orcish Mines
 20077 | Orc:2    | Found Ownadut's Weapon Shop.
 20135 | Orc:2    | Found Igainteh's Antique Weapon Emporium.
 20234 | Orc:2    | Found a staircase to the Elven Halls.
 20339 | Orc:2    | Found Enafafiugh's General Store.
 20340 | Orc:2    | Found Seqomag's Magic Scroll Shoppe.
 20503 | Orc:2    | Found Lozarema's Antique Armour Boutique.
 20589 | Orc:2    | Found Ynnay's Weapon Boutique.
 20596 | Orc:2    | Found Gyogh's Distillery.
 20719 | Orc:2    | Found Vyekiger's Book Boutique.
 21106 | Orc:2    | Bought a spiked leather armour for 252 gold pieces
 21106 | Orc:2    | Identified the +3 leather armour of Califaup {*Slow rF+
                  | rN+} (You bought it in a shop on level 2 of the Orcish
                  | Mines)
 21106 | Orc:2    | Bought an opal-studded leather armour for 252 gold pieces
 21106 | Orc:2    | Identified the +1 leather armour of the Writhing Gods
                  | {Int+3 Slay+5} (You bought it in a shop on level 2 of the
                  | Orcish Mines)
 21583 | D:14     | Found a large runed translucent door.
 21584 | D:14     | Found a large runed translucent door.
 21705 | D:14     | Found an iron altar of Okawaru.
 22213 | D:14     | Noticed Qymaymp's ghost (adept GrEE)
 22217 | D:14     | Killed Qymaymp's ghost
 22261 | D:15     | Entered Level 15 of the Dungeon
 22266 | D:15     | Noticed Kirke
 22277 | D:15     | Noticed Nessos
 22293 | D:15     | Killed Nessos
 22306 | D:15     | Killed Kirke
 22341 | D:15     | Found a gate leading to a gauntlet.
 22347 | Gauntlet | Entered a Gauntlet
 22347 | Gauntlet | Found a large runed translucent door.
 22347 | Gauntlet | Found a large runed translucent door.
 22347 | Gauntlet | Found a transporter.
 22347 | Gauntlet | Found a transporter.
 22378 | Gauntlet | Found the amulet of the Four Winds {rN+ Will+++ Clar}
 22384 | Gauntlet | Found a transporter.
 22392 | Gauntlet | Found a transporter.
 22414 | Gauntlet | Found a transporter.
 22422 | Gauntlet | Found a transporter.
 22497 | Gauntlet | Found a large runed translucent door.
 22497 | Gauntlet | Found a large runed translucent door.
 22498 | Gauntlet | Found a large runed translucent door.
 22499 | Gauntlet | Found a large runed translucent door.
 22500 | Gauntlet | Found a large runed translucent door.
 22500 | Gauntlet | Found a large runed translucent door.
 22509 | Gauntlet | Found a runed translucent gate.
 22510 | Gauntlet | Found a transporter.
 22518 | Gauntlet | Found a transporter.
 22540 | Gauntlet | Found a transporter.
 22552 | Gauntlet | Found a transporter.
 22630 | Gauntlet | Found a runed translucent gate.
 22630 | Gauntlet | Found a runed translucent gate.
 22645 | Gauntlet | Found a runed translucent door.
 22647 | Gauntlet | Found a runed translucent door.
 22648 | Gauntlet | Found a large runed translucent door.
 22648 | Gauntlet | Found a large runed translucent door.
 22649 | Gauntlet | Found a large runed translucent door.
 22650 | Gauntlet | Found a large runed translucent door.
 22658 | Gauntlet | Found a transporter.
 22659 | Gauntlet | Found a large runed translucent door.
 22676 | Gauntlet | Found a transporter.
 22685 | Gauntlet | Found a transporter.
 22685 | Gauntlet | Found a transporter.
 22712 | Gauntlet | Found a transporter.
 22733 | Gauntlet | Found a transporter.
 22974 | Gauntlet | Identified the +2 helmet of Demons {rElec Str+5}
 23066 | Gauntlet | Identified the +7 war axe "Cymmepn" {chaos, *Slow rN+
                  | rCorr}
 23066 | Gauntlet | Identified the +5 tower shield of Valiance {Drain rN++}
 23082 | Gauntlet | Got the Incunable of Niveous Kinetic Energy
 23417 | D:15     | Found a staircase to the Depths.
 23427 | D:15     | Identified a scroll of acquirement
 23427 | D:15     | Acquired a manual of Short Blades
 23439 | D:15     | Reached skill level 15 in Fighting
 23865 | D:15     | Noticed Rupert
 23882 | D:15     | Killed Rupert
 24038 | D:15     | Reached XP level 17. HP: 101/101 MP: 17/17
 24416 | Snake:1  | Entered Level 1 of the Snake Pit
 25182 | Snake:1  | Identified the +2 quarterstaff of Corruption {heavy, *Noise
                  | rPois rC+ Str+5}
 25609 | Snake:2  | Noticed Vashnia
 25653 | Snake:2  | Killed Vashnia
 27151 | Snake:2  | Reached skill level 10 in Shields
 27151 | Snake:2  | Reached XP level 18. HP: 106/108 MP: 18/18
 27833 | Snake:2  | Upgraded the game from 0.30-a0-824-g6c64550be9 to
                  | 0.30-a0-830-gfe289a77b0
 27886 | Swamp:1  | Entered Level 1 of the Swamp
 28140 | Swamp:1  | HP: 3/108 [poisoned by a swamp dragon (poison gas)]
 29056 | D:11     | Bought the -2 hat of the Alchemist {rElec rPois rF+ rC+ rN+
                  | Will+ rMut rCorr} for 660 gold pieces
 29056 | D:11     | Found the -2 hat of the Alchemist {rElec rPois rF+ rC+ rN+
                  | Will+ rMut rCorr}
 29720 | Snake:3  | Found Zisiextoat's Antique Armour Shoppe.
 29724 | Snake:3  | Bought a pair of steaming gloves for 275 gold pieces
 29724 | Snake:3  | Identified the +1 pair of gloves of Truth {+Blink MP-9
                  | Str-5 SInv} (You bought it in a shop on level 3 of the
                  | Snake Pit)
 29861 | Snake:3  | Identified Roxanne's Excursus on the Switch
 29861 | Snake:3  | Noticed Roxanne
 30507 | Snake:4  | Entered Level 4 of the Snake Pit
 32324 | Snake:4  | Reached XP level 19. HP: 114/114 MP: 19/19
 33371 | Snake:4  | Got a serpentine rune of Zot
 33746 | D:9      | Bought the ring of Suicidal Tendencies {+Blink MP+9 EV+5
                  | Dex+3} for 1052 gold pieces
 35820 | Swamp:4  | Entered Level 4 of the Swamp
 35826 | Swamp:4  | Noticed Mlioglotl
 35833 | Swamp:4  | Noticed Donald
 35848 | Swamp:3  | Killed Mlioglotl
 35994 | Swamp:3  | Killed Donald
 36425 | Swamp:4  | Reached XP level 20. HP: 82/121 MP: 20/20
 36546 | Swamp:4  | Noticed Mara
 36550 | Swamp:4  | Killed Mara
 36694 | Swamp:4  | Got a decaying rune of Zot
 37152 | Vaults:1 | Entered Level 1 of the Vaults
 37292 | Vaults:1 | Found Icusk's Antique Weapon Shoppe.
 37378 | Vaults:1 | Noticed Asterion
 37381 | Vaults:1 | Noticed Aizul
 37390 | Vaults:1 | Killed Asterion
 37397 | Vaults:1 | Killed Aizul
 37847 | Vaults:1 | Identified the +10 glaive of Wu Jian's Supremacy {drain,
                  | Dex+4}
 39408 | Vaults:1 | Reached XP level 21. HP: 127/127 MP: 21/21
 39601 | Vaults:2 | Found Ront's Antique Armour Shop.
 42018 | Vaults:3 | Noticed Nikola
 42023 | Vaults:3 | Killed Nikola
 42294 | Vaults:3 | Reached XP level 22. HP: 134/134 MP: 22/22
 42431 | Vaults:3 | Found a staircase to the Crypt.
 42499 | Vaults:3 | Found a transporter.
 42499 | Vaults:3 | Noticed Zissick's ghost (adept MiBr)
 42521 | Vaults:3 | Found a transporter.
 42669 | Vaults:3 | Noticed Frederick
 42680 | Vaults:3 | Killed Frederick
 43312 | Vaults:4 | Noticed Margery
 43317 | Vaults:3 | HP: 6/135 [hell knight/+1 demon blade of flaming[Margery]
                  | (17)]
 44379 | Vaults:4 | Found Gessat's Magic Scroll Shoppe.
 44442 | Vaults:4 | Found the +2 shield of Resistance {rF++ rC++ Will++}
 44574 | Vaults:4 | Noticed Jory
 44596 | Vaults:4 | Killed Jory
 45106 | Vaults:4 | Killed Margery
 45689 | Vaults:4 | Identified the +11 triple crossbow "Keuminku" {antimagic,
                  | Fragile rC++ Will+ Int+3}
 46496 | Elf:1    | Entered Level 1 of the Elven Halls
 46568 | Elf:1    | Reached XP level 23. HP: 106/140 MP: 23/23
 46928 | Elf:1    | Found a transporter.
 46996 | Elf:1    | Found a transporter.
 46998 | Elf:1    | Noticed Soammui's ghost (adept MiBe)
 47901 | Elf:2    | Identified the +0 ring mail "Orchiext" {rPois}
 48598 | Elf:2    | Found Aluhoghi's Antique Weapon Shoppe.
 48608 | Elf:2    | Bought a pitted rapier for 306 gold pieces
 48608 | Elf:2    | Identified the +9 rapier "Omuon" {freeze, Drain Str+6
                  | Stlth+} (You bought it in a shop on level 2 of the Elven
                  | Halls)
 48772 | Elf:2    | Found a huge runed translucent gate.
 48772 | Elf:2    | Found a huge runed translucent gate.
 48772 | Elf:2    | Found a huge runed translucent gate.
 48772 | Elf:2    | Found a huge runed translucent gate.
 48772 | Elf:2    | Found a huge runed translucent gate.
 50048 | Elf:3    | Entered Level 3 of the Elven Halls
 50472 | Elf:3    | Found Jedghusay's One-of-a-Kind Rings.
 51191 | Elf:3    | Identified the +1 leather armour of Servitude {-Tele Str+3
                  | Stlth+}
 51195 | Elf:3    | Identified the +4 morningstar "Yttapn" {spect, rN+ MP+9}
 51236 | Elf:3    | HP: 4/142 [deep elf annihilator/poison arrow (22)]
 51563 | Elf:3    | Identified the +1 robe of Cadoz {rF+}
 51564 | Elf:3    | Identified the +9 dagger "Imusmauf" {heavy, Will+ Int+2}
 52220 | Elf:3    | Reached XP level 24. HP: 146/147 MP: 23/23
 52227 | Elf:3    | Identified the +1 leather armour "Iroatoat" {Will+ SInv}
 52528 | Elf:3    | Identified the +3 halberd of the Writhing Pariah {freeze,
                  | Fragile Str+6}
 52767 | Elf:3    | Got the Handbook of the Jaunt
 53279 | Crypt:1  | Entered Level 1 of the Crypt
 53449 | Crypt:1  | Found a basalt altar of Yredelemnul.
 54785 | Crypt:2  | Noticed Boris
 55567 | Crypt:2  | Killed Boris
 55709 | Crypt:1  | Found a basalt altar of Yredelemnul.
 55885 | Crypt:2  | Identified the +1 chain mail of Grot {Str+2 Int+7}
 56386 | Crypt:3  | Entered Level 3 of the Crypt
 56744 | Crypt:3  | Noticed Saint Roka
 57080 | Crypt:3  | Found a staircase to the Tomb.
 57403 | Crypt:3  | Noticed a dread lich
 57411 | Crypt:3  | Killed a dread lich
 57593 | Crypt:3  | Killed Saint Roka
 58276 | Crypt:3  | Reached XP level 25. HP: 126/154 MP: 23/23
 58469 | Crypt:3  | Found an ancient bone altar of Kikubaaqudgha.
 59071 | Crypt:3  | Noticed an ancient lich
 59107 | Crypt:3  | Killed from afar by an ancient lich

Illustrated notes

Levels and vault maps discovered:
D:1:      sevenhm_arrival_forest_fort_small_4, layout_rooms,
          minmay_split_cup_large
D:2:      layout_basic, st_stairs_9, feat_on_display, uniq_crazy_yiuf_cottage
D:3:      layout_loops_cross, old_standard_altar, ebering_ghost_sewer_d,
          chequers_decorated_corner
D:4:      cheibrodos_fertilizer, layout_basic, amcnicky_altar_gilded,
          uniq_natasha, uniq_eustachio, uniq_sigmund
D:5:      layout_cave_pools, elyvilon_altar_3, nemelex_dance_club_becter,
          doesnt_xom_only_xom, serial_shops, kennysheep_mini_moat,
          nicolae_concentric_dashed_squares_mild
D:6:      layout_loops_ring, tgw_trog, chei_slow_surprise,
          minmay_temple_entry_nine_rooms
D:7:      layout_basic, mainiacjoe_overflow_big_doors
D:8:      layout_basic, mrwooster_statue_mirror, chequers_serial_rivers_large_a,
          hangedman_abyss_or_decor_lesser_grid, dreamdust_mushroom_princess,
          kennysheep_doodads
D:9:      layout_irregular_city, serial_shops,
          nicolae_shop_competitors_out_of_business, uniq_erica
D:10:     layout_small_grid, nicolae_tso_swordbearing_angel, kennysheep_mini,
          nicolae_uskayaw_murder_on_the_dancefloor, david_lair_generic,
          hangedman_corner_corridor
D:11:     layout_long_grid, erik_orc_2, serial_shops, bzr_firewalk, shop, shop,
          shop, nicolae_shop_overgrown_old_shop
D:12:     layout_long_grid, uniq_lodul
D:13:     layout_rooms, hangedman_vaults_entry_quadrant_bands, uniq_azrael
D:14:     layout_irregular_city, ebering_ghost_disaster_area,
          okawaru_ov_weapons_minmay
D:15:     hangedman_depths_entry_civil_slaughter, layout_irregular_city,
          gauntlet_entry_generic, uniq_kirke, uniq_nessos, uniq_rupert
Temple:   hellmonk_temple_micro_hex
Lair:1:   layout_small_grid, portal_ice_cave_entry_imps
Lair:2:   layout_roguey, skrybe_swamp_entry_bodies, serial_bayou_lake_a,
          grunt_megastairs_2, infiniplex_staircase_pool_2, serial_bayou_shore_a
Lair:3:   layout_chaotic_city, minmay_snake_entry_guardpost_small,
          beast_lair_carwin_6
Lair:4:   layout_gridlike, grunt_megastairs_5
Lair:5:   minmay_lair_end_frog_pond, layout_cave_pods, dpeg_slime_entry_corner,
          serial_bayou_shore_b, serial_bayou_shore_b
Swamp:1:  layout_basic_swamp, evilmike_swamp_ruin_rubble_2
Swamp:2:  layout_basic_swamp, nicolae_swamp_little_swirl, hangedman_swamp_pad
Swamp:3:  layout_falls_marsh, nicolae_swamp_treefoil
Swamp:4:  swamp, layout_basic_swamp, nicolae_swamp_alligator_family,
          infiniplex_staircase_pool, uniq_donald, uniq_mara, uniq_mlioglotl
Snake:1:  layout_honeycomb, grunt_megastairs_1
Snake:2:  layout_rooms, drop_trap, nicolae_snake_scaly_snakehead, uniq_vashnia
Snake:3:  layout_cave_town, serial_shops, nicolae_shop_trees, uniq_roxanne
Snake:4:  grunt_snake_rune_serpentine_throne, layout_onion, special_room,
          grunt_megastairs_3
Orc:1:    layout_diamond_mine, mines2_david
Orc:2:    grunt_orc_gardens, layout_caves, grunt_orc_garden, grunt_orc_garden,
          grunt_orc_garden, grunt_orc_garden, serial_shops, shop, shop,
          nicolae_shop_trees, nicolae_shop_trees, basic_altar,
          statue_in_the_mist_lemuel
Elf:1:    eino_elf_arrival_the_gate, layout_geoelf_grid,
          gammafunk_ghost_berserking_beasts, minivault_28
Elf:2:    elven_hall_of_blades_hangedman_alternative
          [nicolae_blade_entry_area_security], layout_loops_corners,
          serial_shops, nicolae_shop_trees
Elf:3:    grunt_elf_hall_asides, layout_geoelf_octagon,
          nicolae_shop_unique_rings
Vaults:1: dpeg_vaults_pockets_of_resistance, v_pattern_5,
          vaults_standard_mumra_x, v_misc_9, hangedman_vaults_maws,
          hangedman_vaults_river_flow, v_rooms_5, v_misc_23,
          ontoclasm_vaults_misaligned, nicolae_vaults_little_ls,
          layout_vaults_maze_snakey, serial_shops,
          nicolae_shop_overgrown_old_shop, uniq_asterion, uniq_aizul
Vaults:2: st_octagons_1, hangedman_vaults_locks,
          nicolae_vaults_ring_of_whatevers, v_alt_pattern_4, vaults_room_fours,
          ontoclasm_vaults_pinch, nicolae_vaults_network_s,
          layout_vaults_omnigrid, serial_shops, shop_statue
Vaults:3: gammafunk_ghost_mausoleum, v_rooms_3, vaults_standard_mumra_lines,
          v_pattern_3, ontoclasm_vaults_shout, hangedman_vaults_snaps,
          minmay_crypt_entry_simple_plaza, v_misc_25,
          nicolae_vaults_shelves_hall, vaults_room_door_hall,
          ontoclasm_vaults_gateway, vaults_room_fours, layout_vaults_ring,
          uniq_nikola, uniq_frederick
Vaults:4: grunt_vaults_hallway_long, vaults_room_stairs_pillars,
          nicolae_vaults_lopsided_apartments, hangedman_vaults_slice,
          vaults_dpeg_encased_lava, v_misc_1, v_pattern_1, nicolae_vaults_theta,
          nicolae_vaults_little_squares_6, vaults_dpeg_hooks,
          layout_vaults_chaotic_city, serial_shops, shop_statue, uniq_margery,
          uniq_jory
Crypt:1:  layout_regular_city, minmay_misc_feat_alley, hangedman_blasphemy,
          grunt_crypt_arrival_split, roderic_lattice_octagonal_star,
          lemuel_upstairs_altar
Crypt:2:  layout_misc_corridors, uniq_boris
Crypt:3:  church_of_pain_bobbens, layout_chaotic_city,
          tomb_entry_forgotten_bobbens, amcnicky_mini_corridor_feature,
          uniq_saint_roka

Skill      XL: |  1  2  3  4  5  6  7  8  9 10 11 12 13 14 15 16 17 18 19 20 21 22 23 24 25 |
---------------+----------------------------------------------------------------------------+-----
Short Blades   | 3 4 5 6 7 8 10 12 13 14 15 16 18 19 21 22 23 24 25 26 | 26.2
Dodging        | 2 3 4 6 7 9 10 12 13 14 15 16 17 18 19 20 21 22 23 | 23.8
Fighting       | 3 4 6 7 8 10 11 12 13 14 15 16 17 18 19 20 21 22 | 22.1
Stealth        | 6 7 9 10 12 13 14 16 17 18 19 20 21 22 23 24 25 26 | 26.5
Shields        | 1 3 5 6 8 9 10 11 12 13 14 | 14.8
Throwing       | |  2.1

Action                     |  1- 3 |  4- 6 |  7- 9 | 10-12 | 13-15 | 16-18 | 19-21 | 22-24 | 25-27 || total
---------------------------+-------+-------+-------+-------+-------+-------+-------+-------+-------++-------
  Melee: Dagger            |    95 |    30 |   152 |   457 |  1042 |  1171 |  1116 |   524 |       ||  4587
         Short sword       |       |    35 |       |       |       |       |       |       |       ||    35
         Punch             |       |       |     1 |     6 |       |       |       |       |       ||     7
         Rapier            |       |       |       |       |       |       |       |   729 |   135 ||   864
 Invoke: Recall Ancestor   |       |       |       |     1 |     2 |       |     4 |     3 |     1 ||    11
         Ancestor Life: He |       |       |       |     1 |       |       |       |       |       ||     1
    Use: Scroll            |       |       |       |    25 |     6 |    10 |     5 |    11 |       ||    57
         Potion            |       |       |       |       |       |    13 |     3 |     8 |     1 ||    25
   Stab: Sleeping          |    16 |    21 |    22 |    11 |    29 |    55 |    39 |    78 |     8 ||   279
         Distracted        |     1 |       |     2 |     7 |    25 |    28 |    21 |    28 |     2 ||   114
         Confused          |       |       |       |     7 |    27 |    24 |    56 |    71 |     5 ||   190
         Paralysed         |       |       |       |       |    16 |    38 |    45 |    40 |     5 ||   144
         Invisible         |       |       |       |       |       |     1 |       |       |       ||     1
 Armour: Robe              |    18 |     6 |     2 |       |       |       |       |       |       ||    26
         Troll leather arm |       |       |     3 |    62 |   104 |    14 |       |       |       ||   183
         Leather armour    |       |       |       |       |       |    87 |    37 |    46 |     5 ||   175
  Dodge: Dodged            |    59 |    32 |    74 |   337 |   668 |   815 |   804 |   730 |    73 ||  3592
  Block: Buckler           |       |       |       |    24 |   352 |   452 |   433 |   408 |    24 ||  1693

Table legend: (Time is in decaauts)
 A = Elapsed time spent in this place.
 B = Non-inter-level travel time spent in this place.
 C = Inter-level travel time spent in this place.
 D = Time resting spent in this place.
 E = Time spent auto-exploring this place.
 F = Levels seen in this place.
 G = Mean time per level.
                   A        B        C        D        E       F      G
               +--------+--------+--------+--------+--------+-----+--------+
         Total |  56688 |  53399 |   3289 |   9428 |  34962 |  44 | 1288.4 |
       Dungeon |  15404 |  14130 |   1274 |    577 |  11263 |  15 | 1026.9 |
        Temple |     10 |      5 |      5 |      0 |      0 |   1 |   10.0 |
          Lair |   6021 |   5385 |    636 |    240 |   4172 |   5 | 1204.2 |
         Swamp |   3809 |   3634 |    175 |    821 |   2299 |   4 |  952.2 |
     Snake Pit |   7503 |   7338 |    165 |   2191 |   4027 |   4 | 1875.8 |
  Orcish Mines |   1487 |   1309 |    178 |      0 |   1084 |   2 |  743.5 |
   Elven Halls |   6242 |   6012 |    230 |   1701 |   3358 |   3 | 2080.7 |
        Vaults |   8919 |   8348 |    571 |   1844 |   5237 |   4 | 2229.8 |
         Crypt |   5553 |   5502 |     51 |   1913 |   2864 |   3 | 1851.0 |
        Bazaar |    258 |    258 |      0 |      0 |    128 |   1 |  258.0 |
      Ice Cave |    706 |    706 |      0 |    126 |    310 |   1 |  706.0 |
      Gauntlet |    769 |    769 |      0 |     15 |    219 |   1 |  769.0 |
               +--------+--------+--------+--------+--------+-----+--------+

Top non-repeatable levels by time:
   Elf:3: 2757 daAuts
Vaults:3: 2467 daAuts
Vaults:1: 2415 daAuts
 Snake:2: 2350 daAuts
 Crypt:3: 2269 daAuts
 Crypt:1: 2211 daAuts
   Elf:2: 2129 daAuts
Vaults:2: 2117 daAuts
 Snake:4: 2103 daAuts
 Snake:3: 2075 daAuts
Vaults:4: 1918 daAuts
    D:11: 1541 daAuts
    D:12: 1376 daAuts
  Lair:1: 1366 daAuts
   Elf:1: 1355 daAuts
